 Dungeon Crawl Stone Soup version 0.30.0-20-g3b4254fcbd (webtiles) character file.

Game seed: 15422932282734166466

602 Graphine the Shooter (level 7, -1/54 HPs)
             Began as a Formicid Hunter on June 2, 2023.
             Was a Believer of Lugonu.
             Slain by an ogre
             ... wielding a +0 giant spiked club
              (30 damage)
             ... on level 5 of the Dungeon.
             The game lasted 00:09:04 (3611 turns).

Graphine the Shooter (Formicid Hunter)              Turns: 3611, Time: 00:09:04

Health: -1/54      AC:  7    Str: 16    XL:     7   Next: 69%
Magic:  0/0        EV: 13    Int:  8    God:    Lugonu [**....]
Gold:   223        SH:  0    Dex: 19    Spells: 6/6 levels left

rFire   . . .        a - +1 shortbow
rCold   . . .        (no shield)
rNeg    . . .        c - +1 leather armour
rPois   +            (helmet unavailable)
rElec   .            (no cloak)
rCorr   +            (no gloves)
SInv    +            d - +2 pair of boots of Gokluomo {rPois rCorr MP-9 SInv}
Will    .....        n - amulet of faith
Stlth   +++          k - ring of resist corrosion
HPRegen 0.29/turn    (no ring)
MPRegen 0.07/turn

%: faith
@: no status effects
A: permanent stasis, dig shafts and tunnels, antennae 3, four strong arms
a: Dig, Shaft Self, Renounce Religion, Depart the Abyss, Banish


You were on level 5 of the Dungeon.
You worshipped Lugonu.
Lugonu was pleased with you.
You visited 1 branch of the dungeon, and saw 5 of its levels.

You collected 223 gold pieces.

Inventory:

Hand Weapons
 a - a +1 shortbow (weapon)
Armour
 c - a +1 leather armour (worn)
 d - the +2 pair of boots of Gokluomo (worn) {rPois rCorr MP-9 SInv}
   (You acquired it on level 1 of the Dungeon)

   rPois:     It protects you from poison.
   MP:        It affects your magic capacity (-9).
   SInv:      It lets you see invisible.
   rCorr:     It protects you from acid and corrosion.
 m - a +0 plate armour
Magical Staves
 o - a staff of earth
 x - a staff of cold
Jewellery
 k - a ring of resist corrosion (left hand)
 n - an amulet of faith (around neck)
 q - a ring of wizardry
 r - an amulet of magic regeneration
 v - a +6 ring of intelligence
Wands
 s - a wand of flame (28)
Scrolls
 b - 3 scrolls of immolation
 p - a scroll of noise {unknown}
 t - a scroll of enchant armour
 w - a scroll of identify
Potions
 e - a potion of flight
 f - 2 potions of brilliance
 g - 3 potions of curing
 h - 3 potions of magic {unknown}
 i - a potion of heal wounds {unknown}
 j - a potion of mutation {unknown}
 l - a potion of invisibility {unknown}
 u - a potion of berserk rage {unknown}
 z - a potion of ambrosia {unknown}


   Skills:
 + Level 4.0 Fighting
 + Level 5.1 Ranged Weapons
 + Level 3.2 Armour
 + Level 3.3 Dodging
 + Level 4.2 Stealth
 + Level 3.2 Invocations


You had 6 spell levels left.
You didn't know any spells.
Your spell library was empty.

Dungeon Overview and Level Annotations

Branches:
Dungeon (5/15)
 Temple: D:4-7

Altars:
Ashenzari
Cheibriados
Fedhas
Gozag
Lugonu

Shops:
D:4 [

Annotations:
D:5 Eustachio


Innate Abilities, Weirdness & Mutations

You cannot be hasted, slowed, berserked, paralysed or teleported.
You can dig through walls and to a lower floor.
You have a pair of large antennae on your head. (SInv)
Your four strong arms can wield two-handed weapons with a shield.


Message History

The adder is heavily wounded.
You shoot an arrow. The arrow hits the adder.
The adder is almost dead.
You shoot an arrow.
The arrow hits the adder but does no damage.
The adder is almost dead.
You shoot an arrow. The arrow hits the adder!
You kill the adder!
Lugonu accepts your kill.
You shoot an arrow. The arrow hits the ogre.
The ogre is lightly wounded.
You shoot an arrow. The arrow hits the ogre!
The ogre is heavily wounded.
You shoot an arrow. The arrow hits the ogre.
The ogre is severely wounded.
You shoot an arrow. The arrow hits the ogre!
You kill the ogre!
Lugonu accepts your kill.
Your Fighting skill increases to level 4!
Your Invocations skill increases to level 3!
You shoot an arrow. The arrow barely misses the rat.
The rat misses you.
You shoot an arrow. The arrow hits the rat.
You kill the rat!
The rat's corpse disappears in a puff of smoke!
Found 3 poisoned darts.
An orc comes into view. It is wielding a +0 trident.
Found an opulent altar of Gozag.
The orc shouts!
You shoot an arrow.
The arrow hits the orc but does no damage.
You hear a shout! x3
You shoot an arrow. The arrow barely misses the orc.
You shoot an arrow. The arrow barely misses the ogre.
The ogre hits you with a +0 giant spiked club!!
You shoot an arrow. The arrow hits the ogre!
The ogre is moderately wounded.
The orc misses you.
The ogre hits you with a +0 giant spiked club!!
Ouch! That really hurt!
You die...

#...# ..........#
..... ..#..###..#
..........####.##
.....###........(
..# #..####.##
.##.####..#
..........#
.##.####..# #@.#
.......O##
.......#o ...####
.≈ .# ≈.. ≈.≈.
≈.≈._ ≈.≈...


You could see an ogre and an orc.

Vanquished Creatures
  A black bear (D:4)
  An ogre (D:5)
  2 scorpions (D:4)
  A hound (D:4)
  2 iguanas
  Natasha (thrice) (D:4)
  9 adders
  A worm (D:2)
  A dart slug (D:2)
  4 orcs
  8 ball pythons
  6 endoplasms
  7 goblins
  5 hobgoblins
  3 quokkas
  3 bats
  5 frilled lizards
  8 kobolds
  5 rats
75 creatures vanquished.

Notes
Turn   | Place    | Note
-------+----------+-------------------------------------------
     0 | D:1      | Graphine the Formicid Hunter began the quest for the Orb.
     0 | D:1      | Reached XP level 1. HP: 16/16 MP: 1/1
    83 | D:1      | Reached XP level 2. HP: 23/23 MP: 2/2
   217 | D:1      | Found a faded altar of an unknown god.
   234 | D:1      | Prayed at the altar of an unknown god.
   234 | D:1      | Became a worshipper of Lugonu the Unformed
   234 | D:1      | Reached * piety under Lugonu
   298 | D:1      | Reached XP level 3. HP: 28/28 MP: 3/3
   519 | D:1      | Identified a scroll of acquirement
   519 | D:1      | Acquired the +2 pair of boots of Gokluomo {rPois rCorr MP-9
                  | SInv}
   542 | D:2      | Reached skill level 1 in Armour
   884 | D:2      | Reached XP level 4. HP: 34/34 MP: 0/4
  1426 | D:3      | Found a snail-covered altar of Cheibriados.
  1687 | D:3      | Reached skill level 1 in Invocations
  1758 | D:3      | Reached ** piety under Lugonu
  2136 | D:4      | Reached XP level 5. HP: 41/41 MP: 0/5
  2192 | D:4      | Reached XP level 6. HP: 38/47 MP: 0/7
  2445 | D:4      | Noticed Natasha
  2453 | D:4      | Killed Natasha
  2500 | D:4      | Noticed Natasha
  2503 | D:4      | Killed Natasha
  2559 | D:4      | Noticed Natasha
  2562 | D:4      | Killed Natasha
  2817 | D:4      | Noticed a black bear
  2824 | D:4      | Killed a black bear
  2825 | D:4      | Reached XP level 7. HP: 38/53 MP: 0/8
  2880 | D:4      | Found a blossoming altar of Fedhas.
  2946 | D:4      | Reached skill level 5 in Ranged Weapons
  2985 | D:4      | Found Ybanio's Antique Armour Shoppe.
  3227 | D:5      | Entered Level 5 of the Dungeon
  3288 | D:5      | Found a broken altar of Ashenzari.
  3430 | D:5      | Identified the +6 falchion "Gicedu" {drain, +Blink Will+
                  | Int+2}
  3480 | D:5      | Noticed Eustachio
  3607 | D:5      | Found an opulent altar of Gozag.
  3611 | D:5      | Slain by an ogre

Illustrated notes

Levels and vault maps discovered:
D:1:      lemuel_arrival_broad_hall, layout_rooms,
          chequers_ecumenical_altar_simple_redux, minmay_misc_feat_room
D:2:      layout_basic
D:3:      layout_basic, cheibriados_altar_1, hangedman_decor_lopped,
          kennysheep_generic_room_11
D:4:      layout_basic, fedhas_altar_4, serial_shops, kennysheep_mini,
          uniq_natasha
D:5:      layout_basic, mainiacjoe_overflow_tiny_flanked,
          mainiacjoe_overflow_paths, uniq_grinder, uniq_eustachio

Skill      XL: |  1  2  3  4  5  6  7 |
---------------+----------------------+-----
Dodging        | 2 3 |  3.3
Armour         | 1 2 3 |  3.2
Stealth        | 2 3 4 |  4.2
Invocations    | 1 2 3 |  3.2
Fighting       | 3 4 |  4.0
Ranged Weapons | 5 |  5.1

Action                     |  1- 3 |  4- 6 |  7- 9 || total
---------------------------+-------+-------+-------++-------
   Fire: Shortbow          |    73 |   109 |    53 ||   235
Ability: Dig               |     4 |       |       ||     4
    Use: Scroll            |     4 |     5 |       ||     9
 Armour: Leather armour    |     1 |    16 |     9 ||    26
  Dodge: Dodged            |     4 |    36 |    25 ||    65
